 Dungeon Crawl Stone Soup version 0.31-a0-435-g2c6fae2916 (webtiles) character file.

Game seed: 9507248784549118581

463 pokeman the Magician (level 6, -4/35 HPs)
             Began as a Deep Elf Hedge Wizard on Aug 1, 2023.
             Shot with a sling bullet by Joseph (15 damage)
             ... on level 7 of the Dungeon.
             The game lasted 00:07:43 (5260 turns).

pokeman the Magician (Deep Elf Hedge Wizard)        Turns: 5260, Time: 00:07:44

Health: -4/35      AC:  4    Str:  7    XL:     6   Next: 79%
Magic:  15/18      EV: 13    Int: 21    God:
Gold:   147        SH:  0    Dex: 14    Spells: 12/20 levels left

rFire   . . .        B - +2 quarterstaff (chaos)
rCold   . . .        (shield currently unavailable)
rNeg    . . .        b - +0 robe
rPois   +            c - +0 hat
rElec   .            C - +0 cloak
rCorr   .            (no gloves)
SInv    .            t - +0 pair of boots
Will    .....        (no amulet)
Stlth   ++           f - ring of poison resistance
HPRegen 0.25/turn    (no ring)
MPRegen 0.16/turn

%: no passive effects
@: no status effects
A: no striking features
a: no special abilities


You were on level 7 of the Dungeon.
You visited 2 branches of the dungeon, and saw 7 of its levels.

You collected 147 gold pieces.

Inventory:

Hand Weapons
 y - a +1 dagger of holy wrath
 B - a +2 quarterstaff of chaos (weapon)
Missiles
 x - a throwing net
Armour
 b - a +0 robe (worn)
 c - a +0 hat (worn)
 q - the +6 scale mail of the Learner {Drain rN+ Regen+ Dex+2}
   (You found it on level 2 of the Dungeon)

   Dex:       It affects your dexterity (+2).
   rN:        It protects you from negative energy.
   Regen:     It increases your rate of health regeneration.
   Drain:     It drains your maximum health when unequipped.
 t - a +0 pair of boots (worn)
 C - a +0 cloak (worn)
Magical Staves
 j - a staff of conjuration
Jewellery
 f - a ring of poison resistance (left hand)
 v - a ring of ice
Wands
 D - a wand of light (6)
Scrolls
 a - a scroll of silence {unknown}
 h - a scroll of fear {unknown}
 k - 2 scrolls of enchant armour {unknown}
 l - 4 scrolls of identify {unknown}
 m - 2 scrolls of fog {unknown}
 n - 2 scrolls of torment {unknown}
 p - 3 scrolls of noise {unknown}
 s - a scroll of poison {unknown}
 w - a scroll of brand weapon {unknown}
 z - a scroll of teleportation {unknown}
Potions
 d - a potion of magic
 e - a potion of berserk rage {unknown}
 g - 2 potions of haste {unknown}
 i - a potion of attraction {unknown}
 o - 2 potions of curing {unknown}
 r - 2 potions of cancellation {unknown}
 u - 2 potions of mutation {unknown}
 A - a potion of enlightenment {unknown}


   Skills:
 + Level 1.6 Fighting
 - Level 1.0 Armour
 - Level 3.0 Dodging
 - Level 3.0 Stealth
 * Level 7.5 Spellcasting
 + Level 3.5 Conjurations
 - Level 1.1 Summonings
 - Level 1.1 Translocations
 - Level 1.0 Air Magic
 - Level 1.1 Poison Magic
 - Level 1.1 Evocations


You had 12 spell levels left.
You knew the following spells:

 Your Spells              Type           Power      Damage    Failure   Level
a - Magic Dart            Conj           88%        1d7       1%          1
b - Mephitic Cloud        Conj/Pois/Air  16%        N/A       12%         3
c - Call Imp              Summ           24%        N/A       9%          2
d - Blink                 Tloc           24%        N/A       9%          2

Your spell library contained the following spells:

 Spells                   Type           Power      Damage    Failure   Level
 Slow                     Hex            28%        N/A       9%          1
 Cigotuvi's Dreadful Rot  Necr/Pois/Air  22%        N/A       10%         2


Dungeon Overview and Level Annotations

Branches:
Dungeon (5/15)             Temple (1/1) D:4

Altars:
Dithmenos
Fedhas
Gozag
Hepliaklqana
Kikubaaqudgha
Nemelex Xobeh
Qazlal
Sif Muna
Trog
Wu Jian
Yredelemnul
The Shining One

Annotations:
D:4 2 transporters
D:7 Joseph


Message History

Joseph shoots a sling bullet.
The sling bullet hits you!
Casting: Magic Dart (safe; 1% risk of failure)
Confirm with . or Enter, or press ? or * to list all spells.
The spell is quite dangerous to miscast (12% risk of failure)!
Continue anyway?
Aiming: Mephitic Cloud (quite dangerous; 12% risk of failure)
Press: ? - help, Shift-Dir - straight line, f - Joseph
Aim: Joseph, wielding a +0 sling and wearing a +0 ring mail (chance to affect: 72%)
The ball explodes into a vile cloud!
The stinking cloud engulfs Joseph but does no damage.
You hear a shout!
Unknown command.
Joseph is engulfed in noxious fumes.
Joseph appears confused.
Joseph unwields a +0 sling.
Joseph wields a +3 quarterstaff.
Joseph hits himself with a +3 quarterstaff.
Found a plate armour.
Joseph unwields a +3 quarterstaff.
Joseph wields a +0 sling.
Joseph shoots a sling bullet.
The sling bullet completely misses you.
You see here a +0 plate armour.
You start resting.
Magic restored.
You start resting.
You hear the faint creaking of a portcullis very nearby.
You start resting.
Joseph is nearby!
Casting: Mephitic Cloud (quite dangerous; 12% risk of failure)
Confirm with . or Enter, or press ? or * to list all spells.
The spell is quite dangerous to miscast (12% risk of failure)!
Continue anyway?
Aiming: Mephitic Cloud (quite dangerous; 12% risk of failure)
Press: ? - help, Shift-Dir - straight line, f/p - Joseph
Aim: Joseph, wielding a +0 sling and wearing a +0 ring mail (lightly wounded, chance to affect: 72%)
The ball explodes into a vile cloud!
The stinking cloud engulfs Joseph but does no damage.
Joseph is lightly wounded.
You hear a shout! x2
Joseph is engulfed in noxious fumes.
Joseph shoots a sling bullet.
The sling bullet hits you!
Unknown command.
A kobold comes into view. It is wielding a +0 whip.
Joseph is engulfed in noxious fumes.
Joseph shoots a sling bullet.
The sling bullet hits you!
You die...

#........ #K#
#........ #.#
#........ #.#
#........ #..
+........ #.#
#........ #.#
.######### #.# ...
..... #@# #.##
##.## #.# #.. ..##
#.# #.#####@##
#○#######.....@.##
#○@.....@.##......
#####[.......#..##
#####.####..#
#.......#
#########


You could see Joseph and a kobold (wandering).

Vanquished Creatures
  A black bear (D:4)
  A jelly (D:4)
  An orc priest (D:4)
  3 iguanas
  Crazy Yiuf (D:4)
  A sleepcap (D:4)
  4 gnolls (D:4)
  6 adders
  4 dart slugs
  2 orcs (D:4)
  6 bats
  6 endoplasms
  5 giant cockroaches
  A goblin (D:4)
  7 hobgoblins
  3 jackals (D:1)
  A quokka (D:2)
  16 ball pythons
  4 frilled lizards
  12 kobolds
  4 rats
89 creatures vanquished.

Notes
Turn   | Place    | Note
-------+----------+-------------------------------------------
     0 | D:1      | pokeman the Deep Elf Hedge Wizard began the quest for the
                  | Orb.
     0 | D:1      | Reached XP level 1. HP: 10/10 MP: 7/7
   383 | D:1      | Reached XP level 2. HP: 15/15 MP: 6/9
  1257 | D:1      | Reached skill level 5 in Spellcasting
  1455 | D:1      | Reached XP level 3. HP: 20/20 MP: 8/11
  1459 | D:1      | Learned a level 3 spell: Mephitic Cloud
  1462 | D:1      | Learned a level 2 spell: Call Imp
  1465 | D:1      | Learned a level 2 spell: Blink
  2079 | D:2      | Reached skill level 1 in Armour
  2400 | D:2      | Reached skill level 1 in Fighting
  2561 | D:2      | Reached XP level 4. HP: 24/25 MP: 8/13
  2736 | D:2      | Identified the +6 scale mail of the Learner {Drain rN+
                  | Regen+ Dex+2}
  3178 | D:3      | Found a shimmering blue altar of Sif Muna.
  3346 | D:3      | Reached skill level 6 in Spellcasting
  3346 | D:3      | Reached XP level 5. HP: 29/29 MP: 2/15
  3777 | D:4      | Found a runed translucent door.
  3778 | D:4      | Noticed Crazy Yiuf
  3925 | D:4      | Noticed a black bear
  3936 | D:4      | Killed a black bear
  3937 | D:4      | Reached skill level 1 in Air Magic
  3937 | D:4      | Reached skill level 1 in Poison Magic
  3937 | D:4      | Reached skill level 1 in Evocations
  3937 | D:4      | Reached XP level 6. HP: 34/34 MP: 11/17
  4383 | D:4      | Found a transporter.
  4395 | D:4      | Found a transporter.
  4413 | D:4      | Identified the +1 trident "Ewyggyif" {venom, Will+ Str+3
                  | Int+4}
  4413 | D:4      | Identified the +0 ring mail "Quir" {Harm Rampage rPois
                  | Dex-4}
  4447 | D:4      | Found a staircase to the Ecumenical Temple.
  4460 | Temple   | Entered the Ecumenical Temple
  4644 | D:4      | Reached skill level 7 in Spellcasting
  5111 | D:4      | Killed Crazy Yiuf
  5207 | D:5      | Entered Level 5 of the Dungeon
  5207 | D:5      | You fall into a shaft and drop 2 floors!
  5236 | D:7      | Noticed Joseph
  5260 | D:7      | Shot with a sling bullet by Joseph

Illustrated notes

Levels and vault maps discovered:
D:1:      amcnicky_arrival_double_pillar, layout_basic, dk_noncrumbling_2,
          roderic_lattice_a, patterned_corridor
D:2:      layout_loops_corners, minmay_snake_closets
D:3:      layout_rooms, mainiacjoe_overflow_tiny_flanked
D:4:      layout_basic, minmay_temple_entry_poolview,
          gammafunk_ghost_gnarly_gnolls, uniq_crazy_yiuf_cottage
D:5:      layout_gridville, gammafunk_ghost_cemetery,
          cheibrodos_sewer_entry_sluice, palyth_stone_intersect,
          guppyfry_shop_venom
D:7:      layout_loops_cross, xom_butterflies, kennysheep_mini_moat,
          enter_bailey_3, minivault_25, nicolae_benzene_ring,
          nicolae_elevator_lobby_asterisk, uniq_maggie, uniq_joseph
Temple:   grunt_temple_mini_profane

Skill      XL: |  1  2  3  4  5  6 |
---------------+-------------------+-----
Spellcasting   | 5 6 7 |  7.5
Armour         | 1 |  1.0
Fighting       | 1 |  1.6
Conjurations   | 2 3 |  3.5
Dodging        | 3 |  3.0
Stealth        | 3 |  3.0
Air Magic      | 1 |  1.0
Poison Magic   | 1 |  1.1
Evocations     | 1 |  1.1
Summonings     | |  1.1
Translocations | |  1.1

Action                     |  1- 3 |  4- 6 || total
---------------------------+-------+-------++-------
  Melee: Dagger            |    19 |    50 ||    69
         Punch             |       |     2 ||     2
   Cast: Magic Dart        |   101 |   112 ||   213
         Mephitic Cloud    |       |     9 ||     9
         Call Imp          |       |     5 ||     5
         Blink             |       |     1 ||     1
   Stab: Sleeping          |     1 |       ||     1
         Confused          |       |     9 ||     9
 Armour: Robe              |     7 |     7 ||    14
  Dodge: Dodged            |    20 |    29 ||    49

Table legend: (Time is in decaauts)
 A = Elapsed time spent in this place.
 B = Non-inter-level travel time spent in this place.
 C = Inter-level travel time spent in this place.
 D = Time resting spent in this place.
 E = Time spent auto-exploring this place.
 F = Levels seen in this place.
 G = Mean time per level.
                   A        B        C        D        E       F      G
               +--------+--------+--------+--------+--------+-----+--------+
         Total |   5257 |   5157 |    100 |      4 |   4530 |   7 |  751.0 |
       Dungeon |   5255 |   5155 |    100 |      4 |   4530 |   6 |  875.8 |
        Temple |      1 |      1 |      0 |      0 |      0 |   1 |    1.0 |
               +--------+--------+--------+--------+--------+-----+--------+

Top non-repeatable levels by time:
     D:1: 1589 daAuts
     D:4: 1569 daAuts
     D:2: 1413 daAuts
     D:3: 630 daAuts
     D:7: 52 daAuts
  Temple: 1 daAuts
